 Dungeon Crawl Stone Soup version 0.28.0-47-ge53b351184 (webtiles) character file.

Game seed: 16556851123918125972

3643 greasedhog the Spear-Bearer (level 10, -12/105 HPs)
             Began as a Formicid Fighter on May 8, 2022.
             Was a Believer of Qazlal.
             Mangled by an orc warrior
             ... wielding a +0 glaive
              (15 damage)
             ... in a bailey.
             The game lasted 00:16:51 (9361 turns).

greasedhog the Spear-Bearer (Formicid Fighter)      Turns: 9361, Time: 00:16:52

Health: -12/105    AC: 25    Str: 29    XL:     10   Next: 33%
Magic:  13/13      EV:  2    Int:  8    God:    Qazlal [**....]
Gold:   337        SH:  8    Dex: 12    Spells: 9/9 levels left

rFire   . . .      SeeInvis .   a - +2 halberd
rCold   . . .      Faith    .   c - +1 buckler
rNeg    . . .      Spirit   .   (armour currently unavailable)
rPois   +          Reflect  .   (helmet unavailable)
rElec   .          Harm     .   (cloak currently unavailable)
rCorr   .          Rampage  .   (gloves currently unavailable)
Will    +....                   (boots currently unavailable)
Stlth   +.........              (no amulet)
HPRegen 0.27/turn               k - ring of flight
MPRegen 0.13/turn               y - +6 ring of strength

@: mighty, tree-form
A: stationary, stasis, torment immunity, boosted hp, permanent stasis, dig
shafts and tunnels, (antennae 3), four strong arms, (iridescent scales 1), no
potion heal 1
a: Renounce Religion, Upheaval


You were in a bailey.
You worshipped Qazlal.
Qazlal was pleased with you.
You were a tree.
You visited 2 branches of the dungeon, and saw 9 of its levels.
You also visited: Bailey.

You collected 337 gold pieces.

Inventory:

Hand Weapons
 a - a +2 halberd (weapon)
Missiles
 e - 49 bolts
 h - 29 arrows
 F - 2 throwing nets
Armour
 b - a +0 pair of gloves (melded)
 c - a +1 buckler (worn)
 l - the +9 chain mail of Limited Liability (melded) {rF+}
   (You found it on level 3 of the Dungeon)

   rF:        It protects you from fire.
 w - a +0 scale mail of poison resistance
 E - a +0 pair of boots (melded)
Jewellery
 k - a ring of flight (left branch)
 r - a ring of positive energy
 s - a +4 ring of evasion
 y - a +6 ring of strength (right branch)
Wands
 o - a wand of digging (2)
 u - a wand of iceblast (7)
 B - a wand of flame (12)
Scrolls
 g - 2 scrolls of enchant armour
 m - 2 scrolls of immolation
 t - 2 scrolls of magic mapping {unknown}
 x - a scroll of blinking {unknown}
 A - a scroll of summoning {unknown}
 C - 2 scrolls of fog {unknown}
 D - a scroll of teleportation {unknown}
Potions
 f - a potion of flight
 j - 2 potions of degeneration {unknown}
 n - 2 potions of lignification
 p - 3 potions of curing
 q - a potion of brilliance
 v - a potion of haste {unknown}
 z - a potion of magic {unknown}


   Skills:
 - Level 3.2 Fighting
 * Level 13.5 Polearms
 - Level 3.2 Armour
 - Level 3.6 Shields
 * Level 4.8 Invocations


You had 9 spell levels left.
You didn't know any spells.
Your spell library contained the following spells:

 Spells                   Type           Power      Damage    Failure   Level
 Foxfire                  Conj/Fire      0%         2x1d4     47%         1
 Shock                    Conj/Air       0%         1d3       47%         1
 Summon Small Mammal      Summ           0%         N/A       47%         1
 Call Canine Familiar     Summ           0%         N/A       85%         3
 Conjure Flame            Conj/Fire      0%         6-21      85%         3
 Inner Flame              Hex/Fire       0%         N/A       85%         3
 Summon Guardian Golem    Hex/Summ       0%         N/A       85%         3
 Airstrike                Air            0%         N/A       99%         4
 Animate Dead             Necr           0%         N/A       99%         4
 Flame Wave               Conj/Fire      0%         2d4       99%         4
 Summon Ice Beast         Ice/Summ       0%         N/A       99%         4
 Borgnjor's Vile Clutch   Necr/Erth      0%         N/A       100%        5
 Metabolic Englaciation   Hex/Ice        0%         N/A       100%        5
 Death Channel            Necr           0%         N/A       100%        6
 Enfeeble                 Hex            0%         N/A       100%        7
 Swiftness                Air            Unusable   N/A       N/A         3

Dungeon Overview and Level Annotations

Branches:
Dungeon (8/15)             Temple (1/1) D:4          Bailey (1/1)
   Lair: D:8-11

Altars:
Ashenzari
Cheibriados
Dithmenos
Elyvilon
Fedhas
Gozag
Hepliaklqana
Kikubaaqudgha
Makhleb
Nemelex Xobeh
Okawaru
Qazlal
Ru
Sif Muna
Trog
Uskayaw
Vehumet
Wu Jian
Xom
Yredelemnul
Zin
The Shining One

Shops:
D:4 ?   D:6 (

Annotations:
D:5 1 runed translucent door, KittyFluff's ghost, novice GrBe
D:6 2 runed translucent doors, ShadowYui's ghost, novice HuFi


Innate Abilities, Weirdness & Mutations

You are a tree.
Your roots penetrate the ground, keeping you stationary.
You cannot be teleported.
You are immune to unholy pain and torment.
Your maximum health is greatly increased.
Your equipment is partially melded.
You cannot be hasted, slowed, berserked, paralysed or teleported.
You can dig through walls and to a lower floor.
((You have a pair of large antennae on your head. (SInv)))
Your four strong arms can wield two-handed weapons with a shield.
((You are partially covered in iridescent scales. (AC +2)))
Potions are less effective at restoring your health.


Message History

The orc warrior is severely wounded.
The orc warrior hits you from afar with a +0 glaive.
* * * LOW HITPOINT WARNING * * *
You block the orc warrior's attack.
Reach: a) +2 halberd
Press: ? - help, Dir - move target, f/p - orc warrior
Aim: an orc warrior, wielding a +0 glaive and wearing a +0 chain mail (severely wounded, about 42% to evade your +2 halberd)
You reach to attack!
You closely miss the orc warrior.
The orc warrior is severely wounded.
The orc warrior hits you from afar with a +0 glaive.
* * * LOW HITPOINT WARNING * * *
You block the orc warrior's attack.
Reach: a) +2 halberd
Press: ? - help, Dir - move target, f/p - orc warrior
Aim: an orc warrior, wielding a +0 glaive and wearing a +0 chain mail (severely wounded, about 42% to evade your +2 halberd)
You reach to attack!
You slash the orc warrior!
You kill the orc warrior!
Qazlal accepts your kill.
The orc warrior hits you but does no damage.
Reach: a) +2 halberd
Press: ? - help, Dir - move target, f - orc warrior
Aim: an orc warrior, wielding a +0 glaive and wearing a +0 ring mail (about 45% to evade your +2 halberd)
You reach to attack!
You hit the orc warrior but do no damage.
You block the orc warrior's attack.
Reach: a) +2 halberd
Press: ? - help, Dir - move target, f/p - orc warrior
Aim: an orc warrior, wielding a +0 glaive and wearing a +0 ring mail (about 45% to evade your +2 halberd)
You reach to attack!
You closely miss the orc warrior. The orc warrior barely misses you.
Reach: a) +2 halberd
Press: ? - help, Dir - move target, f/p - orc warrior
Aim: an orc warrior, wielding a +0 glaive and wearing a +0 ring mail (about 45% to evade your +2 halberd)
You reach to attack!
You closely miss the orc warrior.
Reach: a) +2 halberd
Press: ? - help, Dir - move target, f/p - orc warrior
Aim: an orc warrior, wielding a +0 glaive and wearing a +0 ring mail (about 45% to evade your +2 halberd)
You reach to attack!
You miss the orc warrior.
The orc warrior hits you from afar with a +0 glaive!
You die...

# ##..≈≈..........#
##..≈≈≈≈)≈≈≈≈≈.#
##....))....≈.#
##########.≈.#
+.....##.≈.#
#...##..≈.# ....§≈
##.##..)≈.# .⌠.§§§
#+#..≈≈.## ⌠∩⌠o..
#..≈≈♣∩# §..o§≈
##..°≈.# ≈§≈§§
##.o))# ..§ ##.≈.#
#+###'#########.≈.#
....##..........≈.#
.∩.##..≈≈≈≈≈≈≈≈≈≈.#
# ##..≈≈..........#
###..≈≈..##########


You could see an orc warrior.

Vanquished Creatures
  An orc knight (Bailey)
  A troll (D:7)
  A hornet (D:8)
  Prince Ribbit (D:7)
  An orc warrior (Bailey)
  An ice beast (D:7)
  4 sky beasts
  A black bear (D:7)
  4 ogres
  A gnoll sergeant (D:6)
  2 scorpions
  2 water moccasin zombies (D:6)
  8 wights
  3 howler monkeys (D:7)
  2 electric eels (D:8)
  A centaur zombie (D:5)
  4 jellies
  3 hounds
  2 orc priests
  A centaur skeleton (D:7)
  An iguana (D:4)
  3 orc wizards
  A scorpion zombie (D:5)
  A hound skeleton (D:4)
  13 gnolls
  A howler monkey skeleton (D:7)
  7 adders
  2 white imps (D:5)
  2 ufetubi
  2 worms
  4 dart slugs
  29 orcs
  6 ball pythons
  5 bats
  7 endoplasms
  7 giant cockroaches
  7 goblins
  6 hobgoblins
  3 jackals (D:1)
  5 kobolds
  8 quokkas
  7 frilled lizards
  3 rats
174 creatures vanquished.

Vanquished Creatures (others)
  2 plants (D:5)
2 creatures vanquished.

Grand Total: 176 creatures vanquished

Notes
Turn   | Place    | Note
-------+----------+-------------------------------------------
     0 | D:1      | greasedhog the Formicid Fighter began the quest for the
                  | Orb.
     0 | D:1      | Reached XP level 1. HP: 18/18 MP: 1/1
   323 | D:1      | Reached XP level 2. HP: 15/24 MP: 2/2
   646 | D:1      | Reached skill level 3 in Polearms
   800 | D:1      | Reached XP level 3. HP: 29/29 MP: 3/3
  1427 | D:2      | Found a faded altar of an unknown god.
  1797 | D:2      | Reached skill level 4 in Polearms
  1797 | D:2      | Reached XP level 4. HP: 35/35 MP: 4/4
  2435 | D:3      | Identified the +9 chain mail of Limited Liability {rF+}
  2851 | D:3      | Reached XP level 5. HP: 28/41 MP: 5/5
  3047 | D:3      | Reached skill level 5 in Polearms
  3282 | D:3      | Identified a scroll of acquirement
  3282 | D:3      | Acquired a ring of flight
  3457 | D:4      | Gained mutation: You are partially covered in iridescent
                  | scales. (AC +2) [potion of mutation]
  3457 | D:4      | Gained mutation: Armour fits poorly on your strangely
                  | shaped body. [potion of mutation]
  3457 | D:4      | Gained mutation: You passively dampen the noise of your
                  | surroundings. [potion of mutation]
  3458 | D:4      | Lost mutation: You are partially covered in iridescent
                  | scales. (AC +2) [potion of mutation]
  3458 | D:4      | Lost mutation: Armour fits poorly on your strangely shaped
                  | body. [potion of mutation]
  3458 | D:4      | Lost mutation: You passively dampen the noise of your
                  | surroundings. [potion of mutation]
  3458 | D:4      | Gained mutation: Potions are less effective at restoring
                  | your health. [potion of mutation]
  3458 | D:4      | Gained mutation: You are partially covered in iridescent
                  | scales. (AC +2) [potion of mutation]
  3534 | D:4      | Found Gasmarr's Magic Scroll Boutique.
  3543 | D:4      | Reached XP level 6. HP: 47/47 MP: 6/6
  3558 | D:4      | Reached skill level 6 in Polearms
  3587 | D:4      | Noticed a sky beast
  3601 | D:4      | Killed a sky beast
  3851 | D:4      | Found a staircase to the Ecumenical Temple.
  3867 | Temple   | Entered the Ecumenical Temple
  4178 | Temple   | Became a worshipper of Qazlal Stormbringer
  4244 | D:5      | Entered Level 5 of the Dungeon
  4266 | D:5      | Reached skill level 7 in Polearms
  4266 | D:5      | Reached XP level 7. HP: 52/52 MP: 7/7
  4494 | D:5      | Reached skill level 1 in Invocations
  4582 | D:5      | Got the Tome of Ice and the Oath
  4758 | D:5      | Reached skill level 8 in Polearms
  4769 | D:5      | Reached XP level 8. HP: 26/58 MP: 9/9
  5450 | D:5      | Found a runed translucent door.
  5455 | D:5      | Noticed KittyFluff's ghost (novice GrBe)
  5814 | D:6      | Reached skill level 9 in Polearms
  5976 | D:6      | Found Luach's Antique Weapon Shop.
  5997 | D:6      | Reached * piety under Qazlal
  6312 | D:6      | Reached skill level 10 in Polearms
  6480 | D:6      | Found a large runed translucent door.
  6480 | D:6      | Found a large runed translucent door.
  6490 | D:6      | Noticed ShadowYui's ghost (novice HuFi)
  6624 | D:6      | Reached XP level 9. HP: 64/64 MP: 11/11
  7196 | D:7      | Found a sparkling altar of Nemelex Xobeh.
  7233 | D:7      | Reached skill level 11 in Polearms
  7277 | D:7      | Noticed a troll
  7288 | D:7      | Killed a troll
  7493 | D:7      | Reached ** piety under Qazlal
  8213 | D:7      | Noticed Prince Ribbit
  8232 | D:7      | Killed Prince Ribbit
  8233 | D:7      | Reached skill level 12 in Polearms
  8589 | D:8      | Reached XP level 10. HP: 69/70 MP: 13/13
  9139 | D:8      | Found a flagged portal.
  9159 | Bailey   | Entered a bailey
  9314 | Bailey   | Noticed an orc knight
  9348 | Bailey   | Killed an orc knight
  9349 | Bailey   | Reached skill level 13 in Polearms
  9355 | Bailey   | HP: 5/105 [orc warrior/+0 glaive (5)]
  9356 | Bailey   | HP: 2/105 [orc warrior/+0 glaive (4)]
  9361 | Bailey   | Mangled by an orc warrior

Illustrated notes

Levels and vault maps discovered:
D:1:      sevenhm_arrival_forest_fort_large_2, layout_loops_corners
D:2:      layout_rooms, serial_co_window_serial, co_window_corner_a,
          co_window_paths_a, co_window_paths_a, co_window_of_opportunity_a,
          co_window_corner_a, co_window_paths_a, co_window_corner_a,
          co_window_paths_c, co_window_broadway_a, co_window_corner_b,
          co_window_cross_2, co_window_unsneaky_path_b, glass_columns_b,
          glass_columns_b, glass_columns_a, glass_columns_a,
          nicolae_ecumenical_oubliette, minmay_pentomino_z4
D:3:      layout_basic, gup_sewer_entry_pipe, columned_hall_lemuel,
          eino_tiny_chamber
D:4:      layout_rooms, minmay_temple_entry_wispy, serial_shops,
          nicolae_diamond_shop
D:5:      wad_river_or_something, layout_loops_ring,
          ebering_ghost_reflecting_pool, st_stairs_13, serial_bayou_lake_a
D:6:      layout_loops_corners, ebering_ghost_disaster_area, serial_shops,
          nicolae_shop_stone, grunt_ministairs_15
D:7:      black_bear_nest_1, layout_basic, nemelex_xobeh_ov_fountains_minmay,
          grunt_ogre_cave, hangedman_decor_diamond_cutter, uniq_prince_ribbit1
D:8:      layout_basic, enter_bailey_4
Temple:   mainiacjoe_temple_circle_huts
Bailey:   bailey_polearm_1, bailey

Skill      XL: |  1  2  3  4  5  6  7  8  9 10 |
---------------+-------------------------------+-----
Polearms       | 3 4 5 7 8 10 12 13 | 13.5
Invocations    | 1 2 4 |  4.8
Fighting       | |  3.2
Armour         | |  3.2
Shields        | |  3.6

Action                   |  1- 3 |  4- 6 |  7- 9 | 10-12 || total
-------------------------+-------+-------+-------+-------++-------
Melee: Trident           |    99 |   161 |   389 |       ||   649
       Halberd           |       |       |     5 |    90 ||    95
Throw: Throwing net      |       |       |     1 |       ||     1
  Use: Scroll            |     3 |     6 |     2 |       ||    11
       Potion            |       |     2 |       |     4 ||     6
Armor: Scale mail        |    21 |       |       |       ||    21
       Chain mail        |    22 |    72 |   143 |    34 ||   271
       Skin              |       |       |       |     2 ||     2
Dodge: Dodged            |    13 |    31 |    70 |    25 ||   139
Block: Buckler           |    18 |    26 |    83 |    41 ||   168
